 Dungeon Crawl Stone Soup version 0.28-a0-998-gb9e9c7b67e (webtiles) character file.

Game seed: 2911827380096220729

1493 wakim the Stinger (level 8, -10/52 HPs)
             Began as an Octopode Venom Mage on Dec 5, 2021.
             Was an Initiate of Gozag.
             Mangled by a boulder beetle (62 damage)
             ... on level 6 of the Dungeon.
             The game lasted 00:28:39 (9347 turns).

wakim the Stinger (Octopode Venom Mage)             Turns: 9347, Time: 00:28:40

Health: -10/52     AC:  1    Str:  7    XL:     8   Next: 81%
Magic:  13/21      EV: 15    Int: 20    God:    Gozag
Gold:   425        SH:  6    Dex: 18    Spells: 3/13 levels left

rFire   . . .      SeeInvis .     - Unarmed
rCold   . . .      Faith    .   i - +1 buckler
rNeg    . . .      Spirit   .   (helmet restricted)
rPois   .          Reflect  .   l - amulet of regeneration
rElec   .          Harm     .   g - +6 ring of dexterity
rCorr   .          Rampage  .   d - ring of magical power
Will    .....                   (no ring)
Stlth   ++++......              (no ring)
HPRegen 0.97/turn               (no ring)
MPRegen 0.17/turn               (no ring)
                                (no ring)
                                (no ring)

@: no status effects
A: almost no armour, amphibious, 8 rings, camouflage 1, gelatinous body 1,
(nimble swimmer 1), tentacles
a: Renounce Religion, Potion Petition, Call Merchant, Bribe Branch


You were on level 6 of the Dungeon.
You worshipped Gozag.
Gozag was aware of your devotion.
You visited 2 branches of the dungeon, and saw 7 of its levels.

You collected 510 gold pieces.
You paid 85 gold pieces to Gozag.

Inventory:

Armour
 i - a +1 buckler (worn)
Jewellery
 b - a ring of fire
 d - a ring of magical power (right tentacle)
 g - a +6 ring of dexterity (left tentacle)
 l - an amulet of regeneration (around mantle)
Scrolls
 c - a scroll of enchant weapon {unknown}
 j - a scroll of magic mapping {unknown}
 m - a scroll of fear {unknown}
 Q - 2 scrolls of immolation {!r!r}
 T - a scroll of teleportation
 Z - a scroll of silence {!r}
Potions
 a - 3 potions of magic {unknown}
 e - a potion of degeneration {unknown}
 f - a potion of attraction {unknown}
 h - a potion of mutation {unknown}
 k - a potion of brilliance {unknown}
 n - a potion of heal wounds {unknown}
 C - a potion of berserk rage {!q}
 F - a potion of curing
 O - a potion of resistance


   Skills:
 + Level 3.3 Fighting
 - Level 4.0 Dodging
 - Level 4.0 Stealth
 - Level 4.0 Shields
 * Level 5.0 Unarmed Combat
 - Level 3.0 Spellcasting
 - Level 4.0 Transmutations
 - Level 6.0 Poison Magic


You had 3 spell levels left.
You knew the following spells:

 Your Spells              Type           Power      Damage    Failure   Level
a - Sting                 Tmut/Pois      92%        1d7       1%          1
b - Spider Form           Tmut/Pois      23%        N/A       5%          3
x - Poisonous Vapours     Pois/Air       30%        N/A       6%          2
y - Olgreb's Toxic Radia  Pois           27%        N/A       12%         4

Your spell library contained the following spells:

 Spells                   Type           Power      Damage    Failure   Level
 Beastly Appendage        Tmut           38%        N/A       2%          1
 Wereblood                Tmut           19%        N/A       4%          2
 Mephitic Cloud           Conj/Pois/Air  11%        N/A       19%         3
 Summon Guardian Golem    Hex/Summ       3%         N/A       38%         3
 Orb of Destruction       Conj           1%         N/A       100%        7
 Spellforged Servitor     Conj/Summ      1%         N/A       100%        7


Dungeon Overview and Level Annotations

Branches:
Dungeon (6/15)             Temple (1/1) D:5

Altars:
Ashenzari
Cheibriados
Dithmenos
Elyvilon
Fedhas
Gozag
Hepliaklqana
Kikubaaqudgha
Makhleb
Nemelex Xobeh
Okawaru
Qazlal
Ru
Sif Muna
Trog
Uskayaw
Vehumet
Wu Jian
Xom
Yredelemnul
Zin
The Shining One

Shops:
D:2 :

Annotations:
D:5 exclusion: 2 wights, Grinder


Innate Abilities, Weirdness & Mutations

You cannot wear most types of armour.
You are amphibious.
You can wear up to eight rings at the same time.
Your skin changes colour to match your surroundings (Stealth+).
Your rubbery body absorbs attacks. (AC +1, EV +1)
((You are camouflaged near water. (Stealth+)))
You have tentacles for arms and can constrict up to eight enemies at once.


Message History

Aiming: Poisonous Vapours (safe; 6% risk of failure)
Press: ? - help, Dir - move target, f - boulder beetle
Aim: a boulder beetle (asleep) Poisonous vapours surround the boulder beetle!
The boulder beetle is poisoned.
The boulder beetle leaps!
Casting: Poisonous Vapours (safe; 6% risk of failure)
Confirm with . or Enter, or press ? or * to list all spells.
The spell is quite dangerous to miscast (12% risk of failure)!
Continue anyway?
You begin to radiate toxic energy.
The boulder beetle looks even sicker.
Your toxic aura wanes.
Casting: Olgreb's Toxic Radiance (quite dangerous; 12% risk of failure)
Confirm with . or Enter, or press ? or * to list all spells.
Aiming: Poisonous Vapours (safe; 6% risk of failure)
Press: ? - help, Dir - move target, f/p - boulder beetle
Aim: a boulder beetle (lightly wounded, very poisoned) Poisonous vapours surround the boulder beetle!
The boulder beetle looks even sicker.
Casting: Poisonous Vapours (safe; 6% risk of failure)
Confirm with . or Enter, or press ? or * to list all spells.
Aiming: Poisonous Vapours (safe; 6% risk of failure)
Press: ? - help, Dir - move target, f/p - boulder beetle
Aim: a boulder beetle (moderately wounded, very poisoned) Poisonous vapours surround the boulder beetle!
The boulder beetle looks as sick as possible!
The boulder beetle curls into a ball and begins rolling!
Casting: Poisonous Vapours (safe; 6% risk of failure)
Confirm with . or Enter, or press ? or * to list all spells.
Aiming: Sting (safe; 1% risk of failure)
Press: ? - help, Shift-Dir - straight line, f/p - boulder beetle
Aim: a boulder beetle (heavily wounded, rolling, very poisoned, 100% to hit)
The sting hits the boulder beetle but does no damage.
The boulder beetle looks as sick as possible!
The boulder beetle is heavily wounded.
The boulder beetle barely misses you.
The boulder beetle stops rolling and uncurls.
The boulder beetle curls into a ball and begins rolling!
The boulder beetle hits you!!!
Ouch! That really hurt!
You die...
Your body crumbles into a pile of gold.

###.#####. #.........
###.##.####. #...##.# #..
#.####<# #._ #.# #.# #.. #.#
#.# ##.
######################.####.#
#.
.............○○B@...........#
#.
.############################
#.


You could see a boulder beetle (rolling, very poisoned).

Vanquished Creatures
  A water moccasin (D:5)
  2 ice beasts (D:5)
  An orc warrior (D:6)
  2 ogres
  A phantom (D:5)
  2 bullfrogs
  2 scorpions (D:5)
  2 centaur zombies
  2 hounds
  4 orc priests
  A jelly (D:4)
  3 iguanas
  An orc wizard (D:5)
  A scorpion zombie (D:5)
  Ijyb (D:3)
  2 hound skeletons
  3 gnolls (D:5)
  6 adders
  2 worms (D:2)
  6 dart slugs
  18 orcs
  5 ball pythons
  3 endoplasms
  A giant cockroach (D:3)
  8 goblins
  4 hobgoblins
  4 jackals
  4 quokkas
  4 bats
  3 frilled lizards (D:1)
  3 kobolds
  5 rats
107 creatures vanquished.

Notes
Turn   | Place    | Note
-------+----------+-------------------------------------------
     0 | D:1      | wakim the Octopode Venom Mage began the quest for the Orb.
     0 | D:1      | Reached XP level 1. HP: 11/11 MP: 3/3
   489 | D:1      | You fall into a shaft and drop 1 floor!
   495 | D:2      | Reached XP level 2. HP: 17/17 MP: 3/5
  1142 | D:2      | Reached skill level 4 in Poison Magic
  1142 | D:2      | Reached XP level 3. HP: 11/21 MP: 6/6
  1274 | D:1      | Learned a level 2 spell: Poisonous Vapours
  1278 | D:1      | Learned a level 3 spell: Spider Form
  1348 | D:2      | Found Kauxum's Book Shoppe.
  2167 | D:2      | Found a faded altar of an unknown god.
  2439 | D:2      | Reached skill level 1 in Shields
  2439 | D:2      | Reached XP level 4. HP: 27/27 MP: 3/7
  3528 | D:3      | Reached XP level 5. HP: 9/31 MP: 2/8
  4135 | D:3      | Noticed Ijyb
  4425 | D:3      | Found a broken altar of Ashenzari.
  4922 | D:3      | Killed Ijyb
  4923 | D:3      | Reached skill level 5 in Poison Magic
  5906 | D:4      | Reached XP level 6. HP: 21/36 MP: 1/9
  6670 | D:5      | Entered Level 5 of the Dungeon
  6687 | D:4      | Reached skill level 6 in Poison Magic
  6914 | D:5      | Noticed Grinder
  7083 | D:5      | Found a staircase to the Ecumenical Temple.
  7092 | D:5      | Reached skill level 1 in Unarmed Combat
  7092 | D:5      | Reached XP level 7. HP: 42/42 MP: 10/10
  7110 | Temple   | Entered the Ecumenical Temple
  7442 | Temple   | Became a worshipper of Gozag Ym Sagoz the Greedy
  7484 | D:5      | Reached skill level 1 in Fighting
  7532 | D:5      | Learned a level 4 spell: Olgreb's Toxic Radiance
  8193 | D:5      | Reached XP level 8. HP: 43/50 MP: 12/12
  9275 | D:6      | Found a sacrificial altar of Ru.
  9286 | D:6      | Reached skill level 5 in Unarmed Combat
  9327 | D:6      | Found a shimmering altar of Xom.
  9328 | D:6      | Noticed a boulder beetle
  9347 | D:6      | Mangled by a boulder beetle

Illustrated notes

Levels and vault maps discovered:
D:1:      nicolae_arrival_somewhat_less_tricky_arrival, layout_loops_ring
D:2:      layout_loops_corners, serial_shops, nicolae_shop_advertising_works
          [nicolae_subvault_shop_adworks], shapermc_ecumenical_altar_petra,
          st_stairs_14, minivault_4
D:3:      layout_basic, mainiacjoe_overflow_paths,
          minmay_fractal_squares_diagonal_5, uniq_ijyb
D:4:      layout_basic
D:5:      layout_basic, minmay_temple_entry_stoned_glass, uniq_grinder
D:6:      lemuel_ice_spiral_2, layout_basic, hangedman_feature_mirror,
          grunt_decor_one_mirror
Temple:   mainiacjoe_temple_hex_bubbles

Skill      XL: |  1  2  3  4  5  6  7  8 |
---------------+-------------------------+-----
Stealth        | 3 4 |  4.0
Poison Magic   | 4 5 6 |  6.0
Shields        | 1 2 4 |  4.0
Unarmed Combat | 1 2 5 |  5.0
Transmutations | 2 3 4 |  4.0
Fighting       | 1 3 |  3.3
Spellcasting   | 3 |  3.0
Dodging        | 3 4 |  4.0

Action                   |  1- 3 |  4- 6 |  7- 9 || total
-------------------------+-------+-------+-------++-------
Melee: Unarmed           |    19 |    87 |   107 ||   213
       Tentacles         |     2 |     7 |     4 ||    13
       Constrict         |     3 |    12 |     3 ||    18
       Punch             |       |       |     1 ||     1
 Cast: Sting             |    31 |    46 |     6 ||    83
       Poisonous Vapours |    10 |    54 |    15 ||    79
       Spider Form       |       |     6 |    12 ||    18
       Olgreb's Toxic Ra |       |       |    10 ||    10
  Use: Scroll            |       |     9 |       ||     9
 Stab: Sleeping          |       |     1 |     1 ||     2
Armor: Skin              |       |     8 |     5 ||    13
Dodge: Dodged            |    15 |    94 |    78 ||   187
Block: Buckler           |       |    13 |     7 ||    20

Table legend: (Time is in decaauts)
 A = Elapsed time spent in this place.
 B = Non-inter-level travel time spent in this place.
 C = Inter-level travel time spent in this place.
 D = Time resting spent in this place.
 E = Time spent auto-exploring this place.
 F = Levels seen in this place.
 G = Mean time per level.
                   A        B        C        D        E       F      G
               +--------+--------+--------+--------+--------+-----+--------+
         Total |   9359 |   8717 |    642 |   1012 |   5627 |   7 | 1337.0 |
       Dungeon |   9011 |   8430 |    581 |   1012 |   5459 |   6 | 1501.8 |
        Temple |    347 |    286 |     61 |      0 |    168 |   1 |  347.0 |
               +--------+--------+--------+--------+--------+-----+--------+

Top non-repeatable levels by time:
     D:3: 2439 daAuts
     D:2: 1898 daAuts
     D:5: 1560 daAuts
     D:1: 1436 daAuts
     D:4: 1083 daAuts
     D:6: 593 daAuts
  Temple: 347 daAuts
